 Dungeon Crawl Stone Soup version 0.21-a0-348-ga060c75 (webtiles) character file.

10307 rjrrt the Severer (level 11, -6/99 HPs)
             Began as a Hill Orc Fighter on Oct 6, 2017.
             Was a High Priest of Okawaru.
             Mangled by a sun demon (19 damage)
             ... summoned by an orc high priest
             ... on level 1 of the Orcish Mines.
             The game lasted 00:22:51 (11767 turns).

rjrrt the Severer (Hill Orc Fighter)               Turns: 11767, Time: 00:22:51

Health: -6/99      AC: 23    Str: 23    XL:     11   Next: 60%
Magic:  15/17      EV:  8    Int:  8    God:    Okawaru [*****.]
Gold:   1039       SH: 11    Dex: 10    Spells: 10/10 levels left

rFire    . . .     SeeInvis .   a - +1 war axe
rCold    . . .     Gourm    .   c - +0 shield
rNeg     . . .     Faith    .   L - +0 plate armour
rPois    .         Spirit   .   E - +0 helmet
rElec    .         Reflect  .   k - +0 cloak
rCorr    .         Harm     .   B - +0 pair of gloves
MR       .....                  y - +0 pair of boots
Stlth    ..........             (no amulet)
HPRegen  0.26/turn              C - ring of flight
MPRegen  0.15/turn              (no ring)

@: heroism
A: no striking features
a: Heroism, Finesse, Renounce Religion, Convert to Beogh, Evoke Flight


You were on level 1 of the Orcish Mines.
You worshipped Okawaru.
Okawaru was extremely pleased with you.
You were not hungry.

You visited 2 branches of the dungeon, and saw 11 of its levels.
You also visited: Ossuary.

You collected 1088 gold pieces.
You spent 49 gold pieces at shops.

Inventory:

Hand Weapons
 a - a +1 war axe (weapon)
 b - a +1 longbow of freezing
 o - a +2 whip of electrocution
 D - a +0 hand axe of freezing
 F - the cursed +1 flail "Rucw" {freeze, Dex+2 Stlth+, unknown}
   (You found it on level 5 of the Dungeon)

   It has been specially enchanted to freeze those struck by it, causing extra
   injury to most foes and up to half again as much damage against particularly
   susceptible opponents.
   It can also slow down cold-blooded creatures.
   It affects your dexterity (+2).
   It makes you more stealthy.
   It has a curse placed upon it.
Missiles
 r - 8 silver javelins (quivered)
 x - a throwing net
Armour
 c - a +0 shield (worn)
 k - a +0 cloak (worn)
 y - a +0 pair of boots (worn)
 B - a +0 pair of gloves (worn)
 E - a +0 helmet (worn)
 L - a +0 plate armour (worn)
Jewellery
 C - a ring of flight (left hand)
Wands
 u - a wand of lightning (9/15)
 I - a wand of confusion (17/48)
Scrolls
 i - 4 scrolls of remove curse
 m - 3 scrolls of fog
 p - 8 scrolls of teleportation
 w - a scroll of enchant weapon
 H - 2 scrolls of identify
Potions
 d - 2 potions of might
 e - 3 potions of haste
 g - a potion of mutation {unknown}
 h - a potion of brilliance {unknown}
 l - a potion of berserk rage {unknown}
 n - 4 potions of curing
 q - 7 potions of lignification
 s - 4 potions of agility
 t - 2 potions of cancellation {unknown}
 v - 4 potions of heal wounds
 z - a potion of degeneration {unknown}
 G - 3 potions of flight
 K - a potion of resistance
Comestibles
 f - 3 bread rations
 j - 2 meat rations
 A - 5 royal jellies


   Skills:
 + Level 10.0(15.0) Fighting
 + Level 15.5(20.5) Axes
 + Level 1.7(6.7) Bows
 + Level 9.2(14.2) Armour
 - Level 3.2(8.2) Shields
 + Level 8.2 Invocations


You had 10 spell levels left.
You didn't know any spells.

Dungeon Overview and Level Annotations

Branches:
Dungeon (9/15)             Temple (0/1) D:4             Orc (2/2) D:9
   Lair: D:8-11         Elf: Orc:2

Altars:
Ashenzari
Dithmenos
Fedhas
Gozag
Makhleb
Okawaru
Sif Muna
Trog
Uskayaw
Xom
Yredelemnul
The Shining One

Shops:
D:4 [   D:7 }


Message History

Unknown command.
You slice the orc high priest!!
The orc high priest is moderately wounded.
You hit the sun demon. You slash the sun demon! You slash the orc!
You kill the orc!
You hit the orc warrior but do no damage.
You block the orc high priest's attack. The sun demon hits you!
You are engulfed in flames!
The sun demon hits you.
You are engulfed in flames!
You hit the orc high priest but do no damage.
The orc high priest is moderately wounded.
You hit the orc warrior.
The orc high priest threatens, "By the altar or by the axe, you will meet Beogh!"
You slash the sun demon! You closely miss the sun demon.
The orc warrior hits you but does no damage.
You are electrocuted!
* * * LOW HITPOINT WARNING * * *
The sun demon hits you!
* * * LOW HITPOINT WARNING * * *
You are engulfed in flames!!
You die...

##..........#...
#................
#..............$.
##.#$..............
#..$...............
#..................
##....)[...........
#.....[>).........
##....@3)........
##...oo3..>..###.
#..........[##
#.....(..##.##
##....(......#
#....(.....##
#....(......#
#...#........#
##......(....#


You could see an orc high priest, 2 sun demons and an orc warrior.

Vanquished Creatures
  A stone giant (Orc:1)
  Pikel (D:6)
  An orc sorcerer (Orc:1)
  Joseph (D:9)
  4 trolls
  A queen bee (D:8)
  The ghost of Parsimony the Changer, a novice VSTm (D:6)
  Prince Ribbit (D:7)
  Sigmund (D:5)
  A hungry ghost (D:8)
  Menkaure (Ossuary)
  2 wargs (Orc:2)
  Duvessa (D:4)
  6 sky beasts
  11 orc warriors
  3 black bears
  3 ice beasts
  A slave (D:6)
  4 ogres
  A big kobold (D:8)
  6 bullfrogs
  Dowan (D:4)
  A wyvern skeleton (D:8)
  6 scorpions
  25 killer bees
  9 wights
  2 crimson imps
  A quasit (D:8)
  4 hounds
  A jelly (D:9)
  A centaur skeleton (D:6)
  9 orc priests
  Crazy Yiuf (D:7)
  An iguana (D:4)
  6 orc wizards
  7 worker ants
  A killer bee zombie (D:7)
  A hound skeleton (D:8)
  2 mummies
  A worker ant zombie (D:9)
  A howler monkey skeleton (D:3)
  9 adders
  An ooze (D:3)
  2 adder zombies
  An adder skeleton (D:5)
  A worm (D:3)
  3 dart slugs
  8 leopard geckos
  54 orcs
  3 giant cockroaches
  5 gnoll zombies
  6 goblins
  11 hobgoblins
  5 jackals
  12 kobolds
  2 quokkas
  A ball python (D:1)
  2 bats
  5 frilled lizards
  7 gnoll skeletons (Ossuary)
  2 goblin skeletons (Ossuary)
  A hobgoblin skeleton (Ossuary)
  8 hobgoblin zombies
  2 kobold skeletons (Ossuary)
  5 kobold zombies
  5 orc skeletons (Ossuary)
  2 orc zombies (Ossuary)
  A quokka skeleton (D:5)
  6 rats
  2 rat skeletons (Ossuary)
  A rat zombie (Ossuary)
306 creatures vanquished.

Vanquished Creatures (others)
  2 mummies (Ossuary)
  A gnoll zombie (Ossuary)
  A gnoll skeleton (Ossuary)
  2 goblin skeletons (Ossuary)
  A goblin zombie (Ossuary)
  A hobgoblin skeleton (Ossuary)
  A hobgoblin zombie (Ossuary)
  A kobold (D:9)
  A kobold zombie (Ossuary)
  An orc zombie (Ossuary)
  2 rat skeletons (Ossuary)
  3 rat zombies (Ossuary)
17 creatures vanquished.

Grand Total: 323 creatures vanquished

Notes
Turn   | Place    | Note
-------+----------+-------------------------------------------
     0 | D:1      | rjrrt the Hill Orc Fighter began the quest for the Orb.
     0 | D:1      | Reached XP level 1. HP: 19/19 MP: 1/1
    17 | D:1      | Reached skill level 3 in Axes
   386 | D:1      | Reached XP level 2. HP: 25/26 MP: 2/2
   523 | D:1      | Reached skill level 4 in Axes
   898 | D:2      | Found a shimmering altar of Xom.
   906 | D:2      | Reached XP level 3. HP: 31/31 MP: 3/3
  1179 | D:2      | Reached skill level 5 in Axes
  1441 | D:3      | Found a shattered altar of Ashenzari.
  1559 | D:3      | Reached XP level 4. HP: 28/39 MP: 4/4
  1576 | D:3      | Reached skill level 6 in Axes
  1984 | D:3      | Found an opulent altar of Gozag.
  2128 | D:3      | Found a deep blue altar of Sif Muna.
  2268 | D:3      | Reached XP level 5. HP: 37/45 MP: 5/5
  2415 | D:3      | Found an iron altar of Okawaru.
  2415 | D:3      | Found a bloodstained altar of Trog.
  2415 | D:3      | Found a hide-covered altar of Uskayaw.
  2424 | D:3      | Became a worshipper of Warmaster Okawaru
  2576 | D:3      | Found a basalt altar of Yredelemnul.
  2665 | D:4      | Reached skill level 1 in Invocations
  2730 | D:4      | Noticed Duvessa
  2774 | D:4      | Killed Duvessa
  2774 | D:4      | Reached skill level 7 in Axes
  2774 | D:4      | Reached XP level 6. HP: 12/51 MP: 5/8
  2798 | D:4      | Noticed Dowan
  3023 | D:4      | Killed Dowan
  3231 | D:4      | Reached skill level 8 in Axes
  3237 | D:4      | Reached * piety under Okawaru
  3257 | D:4      | Reached XP level 7. HP: 46/57 MP: 9/9
  3416 | D:4      | Found Qupatz's Armour Shop.
  3421 | D:4      | Bought a +0 pair of gloves for 49 gold pieces
  3490 | D:4      | Reached skill level 9 in Axes
  3705 | D:4      | Found a staircase to the Ecumenical Temple.
  3747 | D:5      | Entered Level 5 of the Dungeon
  3748 | D:5      | Noticed Sigmund
  4068 | D:5      | Killed Sigmund
  4068 | D:5      | Reached ** piety under Okawaru
  4068 | D:5      | Reached skill level 10 in Axes
  4126 | D:5      | Reached skill level 11 in Axes
  4126 | D:5      | Reached XP level 8. HP: 51/64 MP: 10/10
  4191 | D:5      | Found a blossoming altar of Fedhas.
  4236 | D:5      | Found a burning altar of Makhleb.
  4278 | D:5      | Found a glowing golden altar of the Shining One.
  4346 | D:5      | Got a scorched flail
  4590 | D:6      | Reached skill level 12 in Axes
  4645 | D:6      | Reached *** piety under Okawaru
  4735 | D:6      | HP: 3/64 [mummy (13)]
  4871 | D:6      | Found a sand-covered staircase.
  4971 | Ossuary  | Entered an ossuary
  5273 | Ossuary  | Noticed Menkaure
  5278 | Ossuary  | Killed Menkaure
  5458 | D:6      | Reached skill level 13 in Axes
  5458 | D:6      | Reached XP level 9. HP: 46/72 MP: 11/11
  5494 | D:6      | Reached skill level 5 in Fighting
  5798 | D:6      | Found a shadowy altar of Dithmenos.
  6109 | D:6      | Noticed Parsimony's ghost (novice VSTm)
  6209 | D:6      | Killed Parsimony's ghost
  6209 | D:6      | Received a gift from Okawaru
  6266 | D:6      | Noticed Pikel
  6290 | D:6      | Reached skill level 5 in Armour
  6297 | D:6      | Killed Pikel
  6297 | D:6      | Reached **** piety under Okawaru
  6642 | D:7      | Found Hikhlepp's Gadget Boutique.
  6755 | D:7      | Noticed Prince Ribbit
  6876 | D:7      | Killed Prince Ribbit
  7149 | D:7      | Reached skill level 14 in Axes
  7395 | D:7      | Reached XP level 10. HP: 85/86 MP: 12/12
  7448 | D:7      | Found a runed door.
  7452 | D:7      | Noticed Crazy Yiuf
  7457 | D:7      | Killed Crazy Yiuf
  8418 | D:8      | Reached skill level 5 in Invocations
  8715 | D:8      | Reached ***** piety under Okawaru
  9030 | D:9      | Received a gift from Okawaru
  9497 | D:9      | Noticed Joseph
  9898 | D:9      | Killed Joseph
  9898 | D:9      | Reached skill level 15 in Axes
  9898 | D:9      | Reached XP level 11. HP: 85/97 MP: 12/16
 10363 | D:9      | Found a staircase to the Orcish Mines.
 10546 | Orc:1    | Entered Level 1 of the Orcish Mines
 10546 | Orc:1    | Noticed a stone giant
 10564 | Orc:1    | Killed a stone giant
 10564 | Orc:1    | Received a gift from Okawaru
 11108 | Orc:2    | Entered Level 2 of the Orcish Mines
 11174 | Orc:2    | Reached skill level 1 in Bows
 11261 | Orc:1    | Reached skill level 10 in Fighting
 11267 | Orc:1    | Noticed an orc sorcerer
 11269 | Orc:1    | Paralysed by an orc sorcerer for 5 turns
 11483 | Orc:1    | Killed an orc sorcerer
 11740 | Orc:1    | Noticed an orc high priest
 11752 | Orc:1    | Noticed a sun demon
 11764 | Orc:1    | Noticed a sun demon
 11767 | Orc:1    | Mangled by a sun demon

Vault maps used:
D:1:      mrwooster_arrival_statue_2
D:2:      old_standard_altar, first_bread, amethyst_killhole
D:3:      overflow_temple_1_default, minitemple,
          lemuel_zombie_altar_yredelemnul, old_standard_altar,
          hangedman_decor_clover_reticule, evilmike_ruin_ashenzari
D:4:      cheibrodos_pilgrimage, minmay_temple_entry_fiery, serial_shops,
          kennysheep_little_box, uniq_duvessa
D:5:      tso_oasis_becter, overflow_temple_1_default, old_standard_altar,
          uniq_sigmund
D:6:      serial_glass, glass_columns_b, glass_columns_a,
          nicolae_ossuary_entry_giza, nicolae_dithmenos_shadow_blocks,
          uniq_pikel
D:7:      serial_shops, shop, uniq_crazy_yiuf_cottage, uniq_prince_ribbit1
D:8:      david_nohive_1
D:9:      david_orc_4, uniq_joseph
Orc:2:    st_orc_pillars, basic_altar, uniq_snorg
Ossuary:  ossuary_due_pyramid

Skill      XL: |  1  2  3  4  5  6  7  8  9 10 11 |
---------------+----------------------------------+-----
Axes           | 3 4 5 6 7 8 11 13 14 15 | 15.5
Invocations    | 3 6 8 |  8.2
Fighting       | 4 7 9 10 | 10.0
Armour         | 4 6 8 9 |  9.2
Bows           | 1 |  1.7
Shields        | |  3.2

Action                   |  1- 3 |  4- 6 |  7- 9 | 10-12 || total
-------------------------+-------+-------+-------+-------++-------
Melee: War axe           |   112 |   153 |   353 |   513 ||  1131
Throw: Javelin           |       |       |     2 |       ||     2
Invok: Heroism           |       |       |     8 |    18 ||    26
       Finesse           |       |       |       |     1 ||     1
Evoke: Wand              |       |       |     3 |       ||     3
  Use: Scroll            |       |       |    17 |     5 ||    22
       Potion            |       |       |     1 |       ||     1
  Eat: Chunk             |     2 |     4 |     9 |    11 ||    26
       Fruit             |       |     2 |     3 |     1 ||     6
       Royal jelly       |       |       |     1 |     3 ||     4
Armor: Scale mail        |    14 |       |       |       ||    14
       Chain mail        |    41 |    68 |   131 |   202 ||   442
       Plate armour      |       |       |       |   125 ||   125
Dodge: Dodged            |    31 |    25 |    45 |   149 ||   250
Block: Shield            |    58 |    74 |   117 |   295 ||   544

Table legend:
 A = Spawn XP
 B = Non-spawn XP
 C = Spawn XP percentage of total XP
 D = Spawn monster count
 E = Non-spawn monster count
 F = Spawn count percentage of total count
 G = Total turns spent on level
                    A         B        C        D         E        F      G
               +---------+---------+-------+---------+---------+-------+---------
         Total |       0 |   14725 |   0.0 |       0 |     298 |   0.0 | 11767
               +---------+---------+-------+---------+---------+-------+---------
           D:1 |       0 |      28 |   0.0 |       0 |      19 |   0.0 |   849
           D:2 |       0 |      37 |   0.0 |       0 |      15 |   0.0 |   590
           D:3 |       0 |     110 |   0.0 |       0 |      28 |   0.0 |  1371
           D:4 |       0 |     503 |   0.0 |       0 |      19 |   0.0 |  1158
           D:5 |       0 |     933 |   0.0 |       0 |      18 |   0.0 |   592
           D:6 |       0 |    2017 |   0.0 |       0 |      22 |   0.0 |  1782
           D:7 |       0 |    1389 |   0.0 |       0 |      24 |   0.0 |  1352
           D:8 |       0 |    3175 |   0.0 |       0 |      44 |   0.0 |  1636
           D:9 |       0 |    1944 |   0.0 |       0 |      46 |   0.0 |   845
         Orc:1 |       0 |    3633 |   0.0 |       0 |      24 |   0.0 |   902
         Orc:2 |       0 |     877 |   0.0 |       0 |       8 |   0.0 |   319
       Ossuary |       0 |      79 |   0.0 |       0 |      31 |   0.0 |   371
               +---------+---------+-------+---------+---------+-------+---------
